 Dungeon Crawl Stone Soup version 0.14-a0-942-gbd853f2 (webtiles) character file.

127 Malachi the Skirmisher (level 4, 0/36 HPs)
             Began as a Demonspawn Fighter on Nov 19, 2013.
             Succumbed to poison (a potion of poison)
             ... on Level 2 of the Dungeon.
             The game lasted 00:01:58 (1006 turns).

Malachi the Skirmisher (Demonspawn Fighter)         Turns: 1006, Time: 00:01:59

HP   0/36        AC 10     Str 17      XL: 4   Next: 24%
MP   8/12        EV  6     Int 15      God:
Gold 43          SH 18     Dex 12      Spells:  0 memorised,  3 levels left

Res.Fire  : . . .   See Invis. : .   a - +0 trident
Res.Cold  : . . .   Warding    : .   b - +0 scale mail
Life Prot.: . . .   Conserve   : .   c - +0 shield
Res.Poison: .       Res.Corr.  : .   (no helmet)
Res.Elec. : .       Clarity    : .   (no cloak)
Sust.Abil.: . .     Spirit.Shd : .   (no gloves)
Res.Mut.  : .       Stasis     : .   (no boots)
Res.Rott. : .       Flight     : .   (no amulet)
Saprovore : . . .                    (no ring)
                                     i - ring of magical power

@: brilliant, mildly poisoned, slightly resistant to hostile enchantments,
extremely unstealthy
A: iridescent scales 1, spiny 1
a: no special abilities


You were on level 2 of the Dungeon.
You were full.

You visited 1 branch of the dungeon, and saw 2 of its levels.

You collected 43 gold pieces.

Inventory:

Hand weapons
 a - a +0,+0 trident (weapon)
Armour
 b - a +0 scale mail (worn)
 c - a +0 shield (worn)
Comestibles
 d - 2 bread rations
 k - 3 meat rations
 n - a chunk of giant cockroach flesh
 q - 2 apples
Scrolls
 e - a scroll of fog {unknown}
 f - a scroll of random uselessness {unknown}
 h - a scroll of teleportation {unknown}
 j - a scroll of magic mapping {unknown}
 m - a scroll of curse jewellery {unknown}
 r - a scroll of identify {unknown}
 s - a scroll of remove curse {unknown}
Jewellery
 i - a ring of magical power (left hand)
Potions
 o - a potion of porridge


   Skills:
 + Level 3.6 Fighting
 * Level 2.7 Polearms
 + Level 3.0 Armour
 + Level 1.0 Dodging
 + Level 3.1 Shields


You had 3 spell levels left.
You didn't know any spells.

Dungeon Overview and Level Annotations

Branches:
Dungeon (2/16)

Altars:


Innate Abilities, Weirdness & Mutations

You are partially covered in iridescent scales (AC +4).
You are partially covered in sharp spines.


Message History

The adder bites you.
* * * LOW HITPOINT WARNING * * *
Drink which item? (? for menu, Esc to quit)
Okay, then.
Drink which item? (? for menu, Esc to quit)
You feel more clever all of a sudden.
It was a potion of brilliance.
The adder bites you but does no damage. The adder closely misses you.
Drink which item? (? for menu, Esc to quit)
That liquid tasted very nasty...
You are poisoned.
It was a potion of poison.
You block the adder's attack.
You puncture the adder!
You kill the adder!
You start resting.
* * * LOW HITPOINT WARNING * * *
You feel sick.
Drink which item? (? for menu, Esc to quit)
Okay, then.
You start resting.
You die...

#.. #.. #'### #...#
###.####### #.......#
#########'##
#..........####
#..........)@.##
#..>.......##..##########
#..........###..........##
#[.........#
##########..####
#..........# ##.....
#....[.....# ######
############


There were no monsters in sight!

Vanquished Creatures
  3 gnolls (D:2)
  3 adders (D:2)
  2 giant geckos (D:1)
  3 bats
  3 giant cockroaches
  3 hobgoblins
  2 kobolds (D:2)
  3 giant newts (D:1)
  A goblin (D:1)
  A rat (D:1)
24 creatures vanquished.

Notes
Turn   | Place    | Note
--------------------------------------------------------------
     0 | D:1      | Malachi, the Demonspawn Fighter, began the quest for the Orb.
     0 | D:1      | Reached XP level 1. HP: 18/18 MP: 0/0
   185 | D:1      | Gained mutation: You are partially covered in sharp spines. [demonic ancestry]
   185 | D:1      | Reached XP level 2. HP: 24/24 MP: 1/1
   592 | D:2      | Reached XP level 3. HP: 13/30 MP: 2/2
   993 | D:2      | Reached skill level 1 in Dodging
   993 | D:2      | Gained mutation: You are partially covered in iridescent scales (AC +4). [demonic ancestry]
   993 | D:2      | Reached XP level 4. HP: 9/36 MP: 3/3
  1000 | D:2      | HP: 1/36 [adder (3)]
  1005 | D:2      | HP: 1/36 [poison (a potion of poison)]
  1006 | D:2      | Succumbed to poison (a potion of poison)

Action                   |  1- 3 |  4- 6 || total
-------------------------+-------+-------++-------
Melee: Trident           |   103 |     8 ||   111
  Use: Potion            |     5 |     2 ||     7
